 Dungeon Crawl Stone Soup version 0.30-a0-165-g1891117ce2 (webtiles) character file.

Game seed: 5552636104733465276

16347 LnG the Covert (level 12, -28/61 HPs)
             Began as a Kobold Summoner on Sept 28, 2022.
             Was an Initiate of Yredelemnul.
             Killed from afar by a tengu reaver (31 damage)
             ... with a bolt of poison
             ... on level 13 of the Dungeon.
             The game lasted 00:42:52 (17152 turns).

LnG the Covert (Kobold Summoner)                   Turns: 17152, Time: 00:42:52

Health: -28/61     AC: 17    Str: 12    XL:     12   Next: 69%
Magic:  25/25      EV: 21    Int: 26    God:    Yredelemnul [......]
Gold:   381        SH:  0    Dex: 10    Spells: 16/29 levels left

rFire   . . .      SeeInvis .    F - +5 dagger
rCold   . . .      Faith    .    (no shield)
rNeg    . . .      Spirit   .    a - +2 robe
rPois   .          Reflect  .    c - +2 helmet of Rosismoduxt {Str+5 Int+2}
rElec   .          Harm     .    N - +1 cloak {Will+}
rCorr   .          Rampage  .    J - +2 pair of gloves
Will    +....      Clarity  +    w - +0 pair of boots
Stlth   ++++++....               v - amulet of magic regeneration
HPRegen 0.20/turn                e - +4 ring of protection
MPRegen 0.59/turn                q - ring of Imoasmom {EV+4 Int+4 Dex-5}

@: lethally poisoned (-28 -> -55)
A: small, no large weapons, nightstalker 3, clarity, frail 1, passive freeze
a: Renounce Religion, Recall Undead Harvest


You were on level 13 of the Dungeon.
You worshipped Yredelemnul.
Yredelemnul was noncommittal.
You visited 2 branches of the dungeon, and saw 14 of its levels.

You collected 962 gold pieces.
You spent 581 gold pieces at shops.

Inventory:

Hand Weapons
 z - a +4 short sword
 F - a +5 dagger (weapon)
 K - a +3 dagger of chaos
Armour
 a - a +2 robe (worn)
 c - the +2 helmet of Rosismoduxt (worn) {Str+5 Int+2}
   (You bought it in a shop on level 10 of the Dungeon)

   Str:       It affects your strength (+5).
   Int:       It affects your intelligence (+2).
 w - a +0 pair of boots (worn)
 J - a +2 pair of gloves (worn)
 N - a +1 cloak of willpower (worn)
Jewellery
 d - a ring of willpower
 e - a +4 ring of protection (left hand)
 h - a +6 ring of strength
 q - the ring of Imoasmom (right hand) {EV+4 Int+4 Dex-5}
   (You found it on level 3 of the Dungeon)

   [ring of evasion]

   EV:        It affects your evasion (+4).
   Int:       It affects your intelligence (+4).
   Dex:       It affects your dexterity (-5).
 v - an amulet of magic regeneration (around neck)
 A - a ring of see invisible
 E - an amulet of regeneration
 P - the ring of Ruleupt {Wiz rPois rC+ Will+ rCorr Str-3}
   (You found it on level 13 of the Dungeon)

   [ring of wizardry]

   It improves your spell success rate.
   Str:       It affects your strength (-3).
   rC:        It protects you from cold.
   rPois:     It protects you from poison.
   rCorr:     It protects you from acid and corrosion.
   Will:      It increases your willpower.
Wands
 s - a wand of charming (8)
 u - a wand of acid (5)
 C - a wand of iceblast (12)
 D - a wand of mindburst (10)
 G - a wand of flame (20)
 O - a wand of digging (5)
Scrolls
 f - 2 scrolls of magic mapping
 i - 2 scrolls of amnesia
 j - 2 scrolls of blinking
 k - 2 scrolls of teleportation
 n - 2 scrolls of immolation
 p - 3 scrolls of fear
 y - 2 scrolls of butterflies
 B - a scroll of vulnerability
Potions
 b - 4 potions of magic
 g - 5 potions of mutation
 l - 4 potions of flight
 m - 3 potions of brilliance
 o - a potion of cancellation
 r - 9 potions of curing
 t - 2 potions of might
 H - a potion of berserk rage
 I - 2 potions of resistance {unknown}
 M - 2 potions of invisibility {unknown}
Miscellaneous
 L - a piece from Xom's chessboard (15/15)


   Skills:
 + Level 5.3 Fighting
 + Level 8.7 Short Blades
 + Level 8.3 Dodging
 + Level 14.7 Stealth
 + Level 9.4 Spellcasting
 + Level 1.3 Hexes
 + Level 10.3 Summonings
 + Level 1.9 Air Magic
 + Level 0.2 Invocations


You had 16 spell levels left.
You knew the following spells:

 Your Spells              Type           Power      Damage    Failure   Level
a - Summon Small Mammal   Summ           100%       N/A       1%          1
b - Call Imp              Summ           60%        N/A       1%          2
c - Call Canine Familiar  Summ           60%        N/A       1%          3
d - Summon Guardian Gole  Hex/Summ       42%        N/A       1%          3
e - Summon Lightning Spi  Summ/Air       44%        N/A       4%          4

Your spell library contained the following spells:

 Spells                   Type           Power      Damage    Failure   Level
 Blink                    Tloc           24%        N/A       8%          2
 Mephitic Cloud           Conj/Pois/Air  15%        N/A       12%         3
 Passage of Golubria      Tloc           12%        N/A       43%         4
 Silence                  Hex/Air        10%        N/A       56%         5
 Lehudib's Crystal Spear  Conj/Erth      6%         10d3      100%        8


Dungeon Overview and Level Annotations

Branches:
Dungeon (13/15)            Temple (1/1) D:6            Lair (0/5) D:8
    Orc (0/2) D:10
 Vaults: D:13-14

Altars:
Ashenzari
Cheibriados
Dithmenos
Elyvilon
Fedhas
Gozag
Hepliaklqana
Kikubaaqudgha
Makhleb
Nemelex Xobeh
Okawaru
Qazlal
Ru
Sif Muna
Trog
Uskayaw
Vehumet
Wu Jian
Xom
Yredelemnul
Zin
The Shining One

Shops:
D:10 ([(   D:12 *

Annotations:
D:3 Grinder
D:7 3 runed translucent doors, ImAmAmBug's ghost, novice FoFi


Innate Abilities, Weirdness & Mutations

You are small and have problems with some larger weapons.
You are completely attuned to the shadows.
You possess an exceptional clarity of mind.
You are frail. (-10% HP)
A frigid envelope surrounds you and freezes all who hurt you.


Message History

Unknown command.
You puncture the yaktaur captain!
The yaktaur captain is severely wounded.
Unknown command.
You puncture the yaktaur captain!
The yaktaur captain is severely wounded.
Your shadow imp hits the yaktaur captain.
The yaktaur captain hits you but does no damage.
The yaktaur captain is very cold.
The yaktaur captain is almost dead.
Unknown command.
The yaktaur captain blocks your attack.
The yaktaur captain is almost dead.
Unknown command.
You hit the yaktaur captain but do no damage.
The yaktaur captain is almost dead.
The yaktaur captain hits you!!
* * * LOW HITPOINT WARNING * * *
The yaktaur captain is very cold.
The yaktaur captain is almost dead.
Your shadow imp gestures at the yaktaur captain.
The yaktaur captain easily resists.
You hit the yaktaur captain.
The yaktaur captain is almost dead.
Unknown command.
The yaktaur captain blocks your attack.
The yaktaur captain is almost dead.
The yaktaur captain hits you!
* * * LOW HITPOINT WARNING * * *
The yaktaur captain is very cold.
You kill the yaktaur captain!
The tengu reaver hits your shadow imp with a +0 dire flail!
Your shadow imp dies!
Your shadow imp disappears in a puff of smoke!
Your life force feels restored.
The tengu reaver gestures at you while chanting.
The bolt of poison hits you!!
You are lethally poisoned!
Ouch! That really hurt!
You die...
Your body rises from the dead as a mindless zombie.

......(..###..###.##########..#
..........#..# #.#..#Z.#).#..#
.............# #.#.)Q.8'..#..#
....####...... ##'####+##..#
##..# ##..... ..#Qc# #..#..#
#..# ##...... ##.#..+ #).#.##
##.###...#..###..#######'##.#
#.#...###...#...#..'..+..#.#
#....## #.8.<.@.§Q.#..#..#.#
##..## ..##....##########.#
#.## ##..............# #.#
#..........##### ###
#.####....## #.. ##..## .. ##.#
.#


You could see a tengu reaver (ally target) and a friendly lightning spire
(summoned).

Vanquished Creatures
  An ettin (D:13)
  A yaktaur captain (D:13)
  An ogre mage (D:13)
  A death knight (D:13)
  A cyclops (D:13)
  An ugly thing (D:13)
  Maurice (D:13)
  A gargoyle (D:9)
  A komodo dragon (D:11)
  4 trolls
  A slime creature (D:13)
  4 yaks
  A shadow (D:10)
  3 wraiths
  2 wyverns
  2 steam dragons
  2 vampire mosquitoes (D:12)
  5 acid dragons
  3 water moccasins
  3 black bears
  2 orc warriors (D:10)
  3 ice beasts
  A sky beast (D:6)
  2 centaurs (D:9)
  A kobold brigand (D:10)
  3 bullfrogs
  4 scorpions
  3 killer bees
  2 howler monkeys
  An orc priest (D:4)
  A gnoll bouda (D:7)
  2 hounds
  A jelly (D:6)
  2 orc wizards
  An iguana (D:7)
  3 adders
  8 gnolls
  A shadow imp (D:7)
  An ufetubus (D:5)
  A worm (D:2)
  A dart slug (D:3)
  22 orcs
  3 ball pythons
  2 endoplasms
  3 giant cockroaches
  8 goblins
  9 hobgoblins
  17 kobolds
  3 quokkas
  5 bats
  A frilled lizard (D:2)
  7 rats
163 creatures vanquished.

Vanquished Creatures (collateral kills)
  A centaur warrior (D:12)
  A two-headed ogre (D:8)
  An ugly thing (D:12)
  A cyclops (D:13)
  An elephant (shapeshifter) (D:12)
  Psyche (D:12)
  A troll (D:11)
  A vampire (D:12)
  6 yaks
  A wyvern (D:9)
  A steam dragon (D:8)
  An acid dragon (D:10)
  2 water moccasins (D:8)
  2 orc warriors
  A black bear (D:8)
  An ogre (D:11)
  2 centaurs
  3 kobold brigands
  4 bullfrogs
  A necrophage (D:6)
  A scorpion (D:6)
  6 killer bees
  A howler monkey (D:8)
  3 orc priests
  A hound (D:4)
  4 jellies
  A gnoll bouda (D:4)
  Ijyb (D:4)
  3 gnolls
  2 worms (D:3)
  A dart slug (D:3)
  22 orcs
  A ball python (D:1)
  2 endoplasms
  A giant cockroach (D:1)
  A goblin (D:1)
  A hobgoblin (D:1)
  11 kobolds
96 creatures vanquished.

Vanquished Creatures (others)
  An unseen horror (D:13)
  A human zombie (D:13)
  2 vampire mosquito zombies (D:12)
  A wyvern zombie (D:9)
  A troll zombie (D:12)
  A killer bee zombie (D:7)
  2 ogre zombies
  3 gnoll zombies (D:7)
  6 kobold zombies
  7 orc zombies
  28 fungi
  28 plants
81 creatures vanquished.

Grand Total: 340 creatures vanquished

Notes
Turn   | Place    | Note
-------+----------+-------------------------------------------
     0 | D:1      | LnG the Kobold Summoner began the quest for the Orb.
     0 | D:1      | Reached XP level 1. HP: 10/10 MP: 3/3
   290 | D:1      | Reached XP level 2. HP: 15/15 MP: 5/5
   422 | D:1      | Learned a level 2 spell: Call Imp
   550 | D:1      | Found a faded altar of an unknown god.
   587 | D:1      | Reached skill level 3 in Stealth
   762 | D:1      | Reached XP level 3. HP: 14/19 MP: 6/6
   766 | D:1      | Learned a level 3 spell: Call Canine Familiar
   973 | D:2      | Found a sacrificial altar of Ru.
  1296 | D:2      | Reached skill level 1 in Short Blades
  1547 | D:2      | Reached XP level 4. HP: 24/24 MP: 7/7
  1761 | D:2      | Reached skill level 4 in Stealth
  1761 | D:2      | Identified the +0 leather armour "Hukloq" {+Inv Str+4 Int-5
                  | Dex+2}
  1936 | D:3      | Noticed Grinder
  2047 | D:3      | Paralysed by Grinder for 2 turns
  3096 | D:3      | Identified the ring of Imoasmom {EV+4 Int+4 Dex-5}
  3474 | D:4      | Noticed Ijyb
  3491 | D:4      | Killed Ijyb
  3492 | D:4      | Reached XP level 5. HP: 24/28 MP: 4/9
  3912 | D:4      | Reached skill level 5 in Stealth
  3912 | D:4      | Reached XP level 6. HP: 26/33 MP: 5/10
  3925 | D:4      | Reached skill level 5 in Summonings
  4413 | D:4      | Gained mutation: A frigid envelope surrounds you and
                  | freezes all who hurt you. [potion of mutation]
  4413 | D:4      | Gained mutation: You are frail. (-10% HP) [potion of
                  | mutation]
  4413 | D:4      | Gained mutation: You possess an exceptional clarity of
                  | mind. [potion of mutation]
  4641 | D:4      | You fall into a shaft and drop 2 floors!
  4651 | D:6      | Reached skill level 1 in Fighting
  4654 | D:6      | Noticed a sky beast
  4679 | D:6      | Found a staircase to the Ecumenical Temple.
  4724 | Temple   | Entered the Ecumenical Temple
  4727 | Temple   | Found a transporter.
  4727 | Temple   | Found a transporter.
  4729 | Temple   | Found a transporter.
  4729 | Temple   | Found a transporter.
  4754 | Temple   | Became a worshipper of Yredelemnul the Dark
  4897 | D:6      | Got the Cyclopedia of Wanderlust and the Assassin
  5105 | D:6      | Noticed an ice beast
  5113 | D:6      | Killed an ice beast
  5114 | D:6      | Reached XP level 7. HP: 16/34 MP: 8/12
  5127 | D:6      | Reached * piety under Yredelemnul
  5127 | D:6      | Reached skill level 6 in Stealth
  5324 | D:6      | Noticed a water moccasin
  5329 | D:6      | Killed a water moccasin
  5355 | D:5      | Entered Level 5 of the Dungeon
  5540 | D:4      | HP: 1/34 [orc priest/+0 falchion (1)]
  6185 | D:5      | Reached XP level 8. HP: 37/39 MP: 14/14
  6696 | D:5      | Reached skill level 7 in Stealth
  7716 | D:6      | Found a shimmering altar of Xom.
  7716 | D:6      | Found an opulent altar of Gozag.
  7732 | D:6      | Reached skill level 8 in Stealth
  7757 | D:6      | Reached skill level 5 in Spellcasting
  7778 | D:6      | Reached XP level 9. HP: 44/44 MP: 16/16
  7836 | D:6      | Learned a level 3 spell: Summon Guardian Golem
  7841 | D:6      | Learned a level 4 spell: Summon Lightning Spire
  7925 | D:6      | Reached skill level 5 in Short Blades
  8351 | D:7      | Reached skill level 9 in Stealth
  8609 | D:7      | Found a runed translucent gate.
  8610 | D:7      | Found a runed translucent gate.
  8626 | D:7      | Noticed a troll
  8628 | D:7      | Found a runed translucent gate.
  8670 | D:7      | Noticed ImAmAmBug's ghost (novice FoFi)
  8822 | D:7      | Reached ** piety under Yredelemnul
  9027 | D:7      | Reached skill level 5 in Dodging
  9555 | D:7      | Reached *** piety under Yredelemnul
  9828 | D:8      | Noticed a two-headed ogre
  9841 | D:8      | Killed a two-headed ogre
  9842 | D:8      | Reached skill level 10 in Stealth
  9842 | D:8      | Reached XP level 10. HP: 50/50 MP: 14/19
 10022 | D:8      | Reached skill level 11 in Stealth
 10034 | D:8      | Found a staircase to the Lair.
 10173 | D:8      | Reached **** piety under Yredelemnul
 10565 | D:8      | Reached skill level 1 in Hexes
 11077 | D:9      | Reached XP level 11. HP: 54/54 MP: 18/22
 11674 | D:9      | Reached skill level 12 in Stealth
 11677 | D:9      | Reached ***** piety under Yredelemnul
 12254 | D:10     | Entered Level 10 of the Dungeon
 12687 | D:10     | Found Daisot's Weapon Boutique.
 12689 | D:10     | Found a staircase to the Orcish Mines.
 12702 | D:10     | Found Bugeoso's Armour Boutique.
 12716 | D:10     | Bought the +2 helmet of Rosismoduxt {Str+5 Int+2} for 362
                  | gold pieces
 13050 | D:10     | Found Fitwos's Antique Weapon Shoppe.
 13325 | D:10     | Found a blossoming altar of Fedhas.
 13466 | D:10     | Identified the +8 sling of Starshine {venom, rC+ Dex+7}
 14835 | D:11     | Reached skill level 1 in Air Magic
 15121 | D:12     | Noticed a centaur warrior
 15121 | D:12     | Noticed a purple ugly thing
 15124 | D:12     | Reached skill level 13 in Stealth
 15128 | D:12     | a guardian serpent changed into an elephant
 15128 | D:12     | Noticed an elephant (shapeshifter)
 15130 | D:12     | Noticed Psyche
 15130 | D:12     | Killed a centaur warrior
 15134 | D:12     | Killed Psyche
 15136 | D:12     | Killed a purple ugly thing
 15141 | D:12     | Killed an elephant
 15142 | D:12     | Reached XP level 12. HP: 18/60 MP: 24/24
 15729 | D:12     | Found a shimmering blue altar of Sif Muna.
 15895 | D:12     | Found Uhalos's Assorted Antiques.
 15900 | D:12     | Bought a scroll of identify for 54 gold pieces
 15974 | D:12     | Reached skill level 10 in Summonings
 16104 | D:13     | Noticed Maurice
 16108 | D:13     | Killed Maurice
 16148 | D:10     | Bought a +1 cloak of willpower for 165 gold pieces
 16195 | D:13     | Noticed a centaur warrior
 16471 | D:13     | Identified the ring of Ruleupt {Wiz rPois rC+ Will+ rCorr
                  | Str-3}
 16850 | D:13     | Reached skill level 14 in Stealth
 16920 | D:13     | Found a runed translucent door.
 16921 | D:13     | Noticed an ettin
 16924 | D:13     | Reached skill level 5 in Fighting
 16926 | D:13     | Killed an ettin
 16930 | D:13     | Noticed an ogre mage
 16933 | D:13     | Killed an ogre mage
 16938 | D:13     | Noticed a death knight
 16940 | D:13     | Killed a death knight
 16942 | D:13     | Noticed a tengu reaver
 16942 | D:13     | Noticed a yaktaur captain
 16945 | D:13     | HP: 2/57 [tengu reaver/bolt of poison (19)]
 17151 | D:13     | Killed a yaktaur captain
 17152 | D:13     | Killed from afar by a tengu reaver

Illustrated notes

Levels and vault maps discovered:
D:1:      spicycebolla_arrival_clurvy, layout_rooms,
          chequers_ecumenical_altar_simple_redux, minmay_heptomino_o4
D:2:      layout_basic, basic_altar, kennysheep_generic_room_13
D:3:      layout_basic, palyth_stone_intersect, uniq_grinder
D:4:      cheibrodos_pilgrimage, layout_basic, uniq_ijyb
D:5:      layout_loops_corners, corner_web_ring
D:6:      layout_basic, gammafunk_temple_overflow_elements,
          minmay_temple_entry_statues, minivault_10
D:7:      layout_basic, gammafunk_ghost_split
D:8:      layout_basic, due_lair_maze_entry_diamond
D:9:      layout_grid_maze
D:10:     layout_basic, lemuel_doored_altar, orc_david_3, serial_shops,
          nicolae_shop_hallway_plus
D:11:     layout_loops_ring, special_room [special_room_orc], patterned_corridor
D:12:     layout_rooms, serial_shops, kennysheep_little_box,
          lemuel_blue_sif_altar, uniq_psyche
D:13:     layout_layer_cave, minivault_13, uniq_erolcha, uniq_maurice
Temple:   hellmonk_temple_divided_pantheon

Skill      XL: |  1  2  3  4  5  6  7  8  9 10 11 12 |
---------------+-------------------------------------+-----
Stealth        | 3 4 5 6 8 10 11 13 14 | 14.7
Short Blades   | 1 2 3 4 6 8 |  8.7
Spellcasting   | 3 4 5 6 7 8 9 |  9.4
Dodging        | 3 4 5 7 8 |  8.3
Summonings     | 5 6 7 9 10 | 10.3
Fighting       | 1 2 3 4 5 |  5.3
Hexes          | 1 |  1.3
Air Magic      | 1 |  1.9
Invocations    | |  0.2

Action                   |  1- 3 |  4- 6 |  7- 9 | 10-12 || total
-------------------------+-------+-------+-------+-------++-------
Melee: Unarmed           |    13 |       |       |       ||    13
       Dagger            |   124 |   103 |   101 |   284 ||   612
       Short sword       |       |       |    16 |       ||    16
       Punch             |       |       |     1 |     4 ||     5
 Cast: Summon Small Mamm |    12 |     1 |     1 |       ||    14
       Call Canine Famil |     1 |    14 |    14 |    18 ||    47
       Call Imp          |     1 |     6 |     8 |     4 ||    19
       Summon Guardian G |       |       |     1 |       ||     1
       Summon Lightning  |       |       |       |    12 ||    12
Invok: Recall Undead Har |       |       |     1 |     1 ||     2
  Use: Scroll            |     5 |     7 |     7 |     8 ||    27
       Potion            |       |     1 |       |     2 ||     3
 Stab: Sleeping          |    14 |    13 |    22 |    22 ||    71
       Distracted        |     1 |       |     1 |     5 ||     7
Armor: Robe              |    25 |    27 |    23 |    54 ||   129
Dodge: Dodged            |   110 |    90 |   128 |   196 ||   524

Table legend: (Time is in decaauts)
 A = Elapsed time spent in this place.
 B = Non-inter-level travel time spent in this place.
 C = Inter-level travel time spent in this place.
 D = Time resting spent in this place.
 E = Time spent auto-exploring this place.
 F = Levels seen in this place.
 G = Mean time per level.
                   A        B        C        D        E       F      G
               +--------+--------+--------+--------+--------+-----+--------+
         Total |  17029 |  16254 |    775 |   4828 |   8622 |  14 | 1216.4 |
       Dungeon |  16950 |  16198 |    752 |   4828 |   8591 |  13 | 1303.8 |
        Temple |     78 |     55 |     23 |      0 |     31 |   1 |   78.0 |
               +--------+--------+--------+--------+--------+-----+--------+

Top non-repeatable levels by time:
     D:4: 1949 daAuts
     D:7: 1484 daAuts
     D:9: 1474 daAuts
    D:10: 1403 daAuts
    D:11: 1400 daAuts
     D:2: 1358 daAuts
     D:5: 1319 daAuts
     D:6: 1280 daAuts
    D:12: 1275 daAuts
     D:8: 1166 daAuts
     D:3: 1124 daAuts
     D:1: 947 daAuts
    D:13: 766 daAuts
  Temple: 78 daAuts
